 Dungeon Crawl Stone Soup version 0.30.1-11-g7821555f0a (webtiles) character file.

Game seed: 5420101203895077678

84340 ZeroWinrate the Thaumaturge (level 15, -34/118 HPs)
             Began as a Mummy Hedge Wizard on Nov 22, 2023.
             Was an Initiate of Gozag.
             Hit by a large rock thrown by a stone giant (46 damage)
             ... on level 15 of the Dungeon on Nov 23, 2023.
             The game lasted 02:00:12 (38325 turns).

ZeroWinrate the Thaumaturge (Mummy Hedge Wizard)   Turns: 38325, Time: 02:00:12

Health: -34/118    AC: 18    Str: 18    XL:     15   Next: 34%
Magic:  51/51      EV: 20    Int: 19    God:    Gozag
Gold:   1565       SH:  0    Dex: 16    Spells: 1/43 levels left

rFire   . . .        A - +10 war axe "Dack" {flame, Fly SInv}
rCold   + . .        (no shield)
rNeg    + + +        d - +3 leather armour {rF+}
rPois   ∞            n - +2 hat
rElec   +            m - scarf {+Inv}
rCorr   .            j - +2 pair of gloves
SInv    +            b - +2 pair of boots
Will    +....        J - amulet of magic regeneration
Stlth   ++           K - ring "Qaczid" {rElec MP+9 AC+4 Str+4}
HPRegen 0.39/turn    G - ring of the Scarab {MP+9 EV+5 Dex+3}
MPRegen 0.72/turn

%: faith
@: forested, flying
A: cold resistance 1, negative energy resistance 3, torment resistance 2, heat
vulnerability 1, in touch with death 2, no potions, faith
a: Renounce Religion, Evoke Invisibility, Potion Petition, Call Merchant, Bribe
Branch


You were on level 15 of the Dungeon.
You worshipped Gozag.
Gozag was most pleased with you.
You visited 5 branches of the dungeon, and saw 24 of its levels.
You also visited: Gauntlet.

You collected 6451 gold pieces.
You spent 2678 gold pieces at shops.
You paid 2208 gold pieces to Gozag.

Inventory:

Hand Weapons
 A - the +10 war axe "Dack" (weapon) {flame, Fly SInv}
   (You bought it in a shop on level 9 of the Dungeon)

   SInv:      It lets you see invisible.
   Fly:       It grants you flight.
 H - the +3 war axe of the Unliving {venom, Str+3 Int+5 Stlth+}
   (You found it in a Gauntlet)

   Str:       It affects your strength (+3).
   Int:       It affects your intelligence (+5).
   Stlth:     It makes you more stealthy.
Missiles
 v - 12 atropa-tipped darts
 z - 9 throwing nets
 L - 4 silver javelins
Armour
 b - a +2 pair of boots (worn)
 d - a +3 leather armour of fire resistance (worn)
 j - a +2 pair of gloves (worn)
 m - a scarf of invisibility (worn)
 n - a +2 hat (worn)
 F - the +4 leather armour "Ageoraot" {rN+ Slay-3 SInv}
   (You found it in a Gauntlet)

   Slay:      It affects your accuracy & damage with ranged weapons and melee
   (-3).
   rN:        It protects you from negative energy.
   SInv:      It lets you see invisible.
Magical Staves
 M - the staff of air "Ushuwk" {rElec Str+3}
   (You took it off a minotaur in a Gauntlet)

   [staff of air]

   Base accuracy: +5 Base damage: 5 Base attack delay: 1.2 This weapon's minimum
   attack delay (0.6) is reached at skill level 12.
   Str:       It affects your strength (+3).
   rElec:     It insulates you from electricity.
   It falls into the 'Staves' category.
   It is a one-handed weapon.
Jewellery
 c - a ring of willpower
 e - a +4 ring of protection
 o - a ring of wizardry
 s - a ring of resist corrosion
 u - a +6 ring of strength
 C - a +6 ring of strength
 G - the ring of the Scarab (right hand) {MP+9 EV+5 Dex+3}
   (You found it in a Gauntlet)

   [ring of evasion]

   EV:        It affects your evasion (+5).
   Dex:       It affects your dexterity (+3).
   MP:        It affects your magic capacity (+9).
 J - an amulet of magic regeneration (around neck)
 K - the ring "Qaczid" (left hand) {rElec MP+9 AC+4 Str+4}
   (You took it off a minotaur in a Gauntlet)

   [ring of protection]

   AC:        It affects your AC (+4).
   Str:       It affects your strength (+4).
   rElec:     It insulates you from electricity.
   MP:        It affects your magic capacity (+9).
 N - an amulet of regeneration
 O - a +6 ring of strength
Wands
 k - a wand of mindburst (11)
 p - a wand of charming (18)
 x - a wand of flame (23)
 D - a wand of polymorph (14)
 E - a wand of roots (4)
Scrolls
 a - a scroll of enchant armour
 f - 3 scrolls of fear
 g - 6 scrolls of teleportation
 h - a scroll of enchant weapon
 i - 5 scrolls of amnesia
 l - 20 scrolls of identify
 q - 2 scrolls of silence
 r - a scroll of brand weapon
 t - 3 scrolls of poison
 w - 2 scrolls of blinking
 B - 2 scrolls of fog
 I - a scroll of magic mapping
Miscellaneous
 y - a lightning rod (4/4)


   Skills:
 + Level 11.1 Fighting
 - Level 0.1 Short Blades
 - Level 10.1 Axes
 - Level 0.2 Armour
 + Level 7.4 Dodging
 - Level 2.0 Stealth
 + Level 14.7 Spellcasting
 + Level 10.0 Conjurations
 - Level 5.2 Summonings
 - Level 2.3 Necromancy
 - Level 4.0 Translocations
 - Level 4.8 Fire Magic
 + Level 2.2 Air Magic
 - Level 4.2 Poison Magic
 - Level 4.4 Evocations


You had one spell level left.
You knew the following spells:

 Your Spells              Type           Power      Damage    Failure   Level
a - Magic Dart            Conj           100%       1d8       1%          1
b - Blink                 Tloc           58%        N/A       1%          2
c - Call Imp              Summ           66%        N/A       1%          2
d - Cigotuvi's Dreadful   Necr/Pois/Air  100%       N/A       2%          2
e - Mephitic Cloud        Conj/Pois/Air  34%        N/A       1%          3
f - Volatile Blastmotes   Fire/Tloc      60%        2d15      2%          3
g - Call Canine Familiar  Summ           33%        N/A       1%          3
h - Iskenderun's Mystic   Conj/Tloc      40%        2d9       3%          4
i - Vampiric Draining     Necr           50%        2d9       6%          3
j - Iskenderun's Battles  Conj           51%        2d10      2%          5
k - Summon Forest         Summ/Tloc      15%        N/A       22%         5
l - Airstrike             Air            11%        2d(2-18)  22%         4
m - Arcjolt               Conj/Air       18%        1d28      12%         5

Your spell library contained the following spells:

 Spells                   Type           Power      Damage    Failure   Level
 Shock                    Conj/Air       100%       1d9       1%          1
 Summon Small Mammal      Summ           100%       N/A       1%          1
 Sandblast                Erth           28%        2d8       5%          1
 Slow                     Hex            56%        N/A       5%          1
 Searing Ray              Conj           100%       2d8       1%          2
 Stone Arrow              Conj/Erth      66%        3d11      1%          3
 Vhi's Electric Charge    Tloc/Air       50%        N/A       4%          3
 Summon Guardian Golem    Hex/Summ       23%        N/A       5%          3
 Portal Projectile        Hex/Tloc       42%        N/A       7%          3
 Swiftness                Air            22%        N/A       7%          3
 Fulminant Prism          Conj/Hex       16%        3d10      7%          4
 Passwall                 Tmut/Erth      11%        N/A       9%          2
 Olgreb's Toxic Radiance  Pois           30%        N/A       10%         4
 Confusing Touch          Hex            14%        N/A       16%         3
 Animate Armour           Summ/Erth      46%        N/A       19%         4
 Leda's Liquefaction      Hex/Erth       7%         N/A       47%         4
 Iron Shot                Conj/Erth      16%        9d4       71%         6
 Lee's Rapid Deconstruct  Erth           7%         3d6*      83%         5
 Spellforged Servitor     Conj/Summ      21%        N/A       89%         7
 Eringya's Noxious Bog    Tmut/Pois      11%        N/A       98%         6
 Summon Hydra             Summ           16%        N/A       99%         7
 Discord                  Hex            7%         N/A       100%        8
 Ignition                 Fire           16%        3d6       100%        8
 Lehudib's Crystal Spear  Conj/Erth      16%        10d5      100%        8
 Maxwell's Capacitive Co  Air            11%        ∞         100%        8
 Chain Lightning          Conj/Air       18%        3d24      100%        9
 Fire Storm               Conj/Fire      21%        8d5       100%        9
 Shatter                  Erth           7%         3d9*      100%        9
 Statue Form              Tmut/Erth      Unusable   N/A       N/A         6

Dungeon Overview and Level Annotations

Branches:
Dungeon (15/15)            Temple (1/1) D:5            Lair (5/5) D:11
 Shoals (0/4) Lair:2       Spider (1/4) Lair:2        Slime (0/5) Lair:5
    Orc (2/2) D:9          Vaults (0/5) D:13         Depths (0/4) D:15
Gauntlet (visited)
    Elf: Orc:2

Altars:
Ashenzari
Cheibriados
Dithmenos
Fedhas
Gozag
Hepliaklqana
Kikubaaqudgha
Makhleb
Nemelex Xobeh
Okawaru
Qazlal
Ru
Sif Muna
Trog
Uskayaw
Vehumet
Wu Jian
Xom
Yredelemnul
Jiyva

Shops:
D:9 ?*?:   D:15 *   Orc:1 !   Orc:2 (

Annotations:
D:8 fitz's ghost, journeyman HOFi


Innate Abilities, Weirdness & Mutations

You are immune to poison.
Your flesh is cold resistant. (rC+)
You are immune to negative energy. (rN+++)
You are immune to unholy pain and torment.
You are vulnerable to heat. (rF-)
You are strongly in touch with the powers of death.
You do not drink.
You have a special connection with the divine. (Faith)


Message History

The tengu warrior is hit by a branch!
The stone giant is engulfed in noxious fumes.
The stone giant hits you but does no damage.
The tengu warrior shoots an arrow.
The arrow hits your dryad!!
Your dryad dies!
Your dryad's corpse disappears in a puff of smoke!
The forest abruptly stops moving.
The tengu warrior shouts!
Unknown command.
The tengu warrior is engulfed in noxious fumes.
The stone giant is engulfed in noxious fumes.
The stone giant throws a large rock.
The large rock hits you!!!
* * * LOW HITPOINT WARNING * * *
The tengu warrior shoots an arrow.
The arrow hits you but does no damage.
Found a staircase to the Depths.
The tengu warrior is engulfed in noxious fumes.
The tengu warrior appears confused.
The tengu warrior unwields a +0 longbow.
The tengu warrior hits something.
The tengu warrior pecks something.
The tengu warrior claws something but does no damage.
The tengu warrior hits itself!
The tengu warrior pecks itself.
The tengu warrior claws itself.
The tengu warrior shoots an arrow.
The arrow hits you!
* * * LOW HITPOINT WARNING * * *
You hear a shout!
Unknown command.
Unknown command.
Unknown command.
Unknown command.
As you read the scroll of fear, it crumbles to dust.
You assume a fearsome visage.
The tengu warrior looks frightened! x2
Okay, then.
Unknown command.
Unknown command.
There is an open door here.
You reach down and close the door.
A stone giant opens the door.
The tengu warrior mutters, "Of all the rotten luck!"
The stone giant throws a large rock.
The large rock hits you!!!
You die...
Your body crumbles into a pile of gold.

###.# #############..##
############
#...............♣##≈≈........#
#..........).....##≈.#≈Q≈♣#♣+#
#......###.#....#.#......#
#.....## #.##C#...'.##≈..'.> #
#.....####.##.###♣♣......#...
# ##.....:[..##.# #≈.#≈≈≈♣##'#
######.#########@## ♣≈≈......
# #.........# ##...##
♣♣##♣###♣# #.###...#.#
##.....## #.# #.#
#.#.#.###.......## ##.##
#.###...#.##.........####...##
...........'.......[.'.......#
≈≈≈≈≈≈≈...##.........####...##
≈.....≈######.......##
###.#### ..⌠.⌠.≈# ##.....##
#......#


You could see a stone giant.

Vanquished Creatures
  2 orc warlords
  A minotaur (Gauntlet)
  Snorg (Lair:3)
  A vault guard (D:13)
  3 hydras
  Erica (D:11)
  2 catoblepae
  2 centaur warriors
  A death scarab (Gauntlet)
  A tengu warrior (D:15)
  4 two-headed ogres
  4 death yaks (Lair:5)
  A skyshark (Lair:5)
  2 goliath frogs (Lair:5)
  3 skeletal warriors
  A sun moth (Lair:2)
  An orc knight (Orc:1)
  3 wizards (D:13)
  2 deep elf pyromancers
  A necromancer (D:13)
  An orc sorcerer (Orc:1)
  10 ugly things
  A moth of wrath (Spider:1)
  3 cyclopes
  3 manticores
  Maurice (Orc:1)
  5 elephants (Lair:5)
  A black mamba (Lair:5)
  14 cane toads
  An unseen horror (shapeshifter) (D:8)
  A gargoyle (D:8)
  2 kobold demonologists
  An unseen horror (D:13)
  5 komodo dragons
  2 efreet
  A yaktaur (shapeshifter) (D:14)
  A rime drake (D:11)
  An ice devil (Gauntlet)
  A meliai (shapeshifter) (D:8)
  4 trolls
  The ghost of becking the Shield-Bearer, an amateur GnFi of Gozag (D:4)
  2 meliai (Gauntlet)
  3 hornets
  3 polar bears
  29 blink frogs
  6 slime creatures (D:12)
  A spriggan (Lair:4)
  A water elemental (D:14)
  3 shadows
  2 wyverns
  A wraith (D:14)
  6 basilisks
  A fire bat (shapeshifter) (D:8)
  3 steam dragons
  25 yaks
  Grum (D:11)
  3 hogs (Lair:5)
  18 humans (D:13)
  Menkaure (D:4)
  8 vampire mosquitoes
  A redback (Spider:1)
  A warg (D:9)
  2 acid dragons
  13 water moccasins
  2 nameless horrors
  3 ice beasts
  A black bear (shapeshifter) (D:10)
  14 orc warriors
  2 sky beasts
  25 wolves
  A tengu (shapeshifter) (D:12)
  7 ogres
  3 centaurs
  A phantom (D:6)
  21 bullfrogs
  8 kobold brigands
  5 gnoll sergeants
  2 scorpions
  14 wights
  6 killer bees (D:11)
  3 electric eels
  8 howler monkeys
  9 orc priests
  10 hounds
  6 jellies
  4 gnoll boudas
  2 sleepcaps (D:6)
  3 iguanas
  10 orc wizards
  40 gnolls
  8 adders
  2 howler monkey skeletons (D:4)
  3 white imps
  2 ufetubi
  A worm (D:4)
  A dart slug (D:4)
  60 orcs
  4 endoplasms
  6 giant cockroaches
  11 goblins
  5 hobgoblins
  7 jackals
  2 quokkas
  8 ball pythons
  4 bats
  A frilled lizard (D:2)
  23 kobolds
  3 rats
  A butterfly (Lair:5)
  2 snaplasher vines
595 creatures vanquished.

Vanquished Creatures (collateral kills)
  Kirke (Lair:5)
  Agnes (D:15)
  Gastronok (Lair:2)
  Roxanne (D:14)
  An entropy weaver (Lair:2)
  A boulder beetle (Lair:4)
  2 death yaks
  A skeletal warrior (D:11)
  An ugly thing (D:14)
  A cyclops (D:12)
  An elephant (Lair:5)
  A black mamba (Lair:1)
  A cane toad (Lair:2)
  A rime drake (Lair:2)
  A komodo dragon (Lair:2)
  A polar bear (Lair:2)
  A meliai (Gauntlet)
  A tyrant leech (Lair:5)
  11 blink frogs
  A shadow (D:12)
  A wraith (D:9)
  2 wyverns
  4 yaks
  A neqoxec (D:8)
  2 vampire mosquitoes (Lair:5)
  A redback (Lair:2)
  A warg (Orc:2)
  2 water moccasins
  An orc warrior (D:9)
  2 wolves (Lair:1)
  2 centaurs (Lair:2)
  A gnoll sergeant (D:9)
  A wight (D:9)
  A howler monkey (D:12)
  3 jellies
  An orc priest (Orc:2)
  8 gnolls
  A white imp (D:5)
  A worm (D:3)
  7 orcs
  2 kobolds (D:8)
  2 butterflies (Lair:2)
78 creatures vanquished.

Vanquished Creatures (others)
  A human (Lair:5)
  9 snaplasher vines
10 creatures vanquished.

Grand Total: 683 creatures vanquished

Notes
Turn   | Place    | Note
-------+----------+-------------------------------------------
     0 | D:1      | ZeroWinrate the Mummy Hedge Wizard began the quest for the
                  | Orb.
     0 | D:1      | Reached XP level 1. HP: 13/13 MP: 5/5
   329 | D:1      | Reached XP level 2. HP: 16/19 MP: 0/7
   510 | D:1      | Found a faded altar of an unknown god.
  1442 | D:2      | Learned a level 2 spell: Blink
  1579 | D:2      | Gained mutation: You are in touch with the powers of death.
                  | [Mummy growth]
  1579 | D:2      | Reached XP level 3. HP: 24/24 MP: 6/9
  1807 | D:2      | Reached skill level 1 in Conjurations
  1807 | D:2      | Reached skill level 1 in Summonings
  1807 | D:2      | Reached skill level 1 in Translocations
  2265 | D:2      | Learned a level 2 spell: Call Imp
  2268 | D:2      | Learned a level 2 spell: Cigotuvi's Dreadful Rot
  2272 | D:2      | Learned a level 3 spell: Mephitic Cloud
  2272 | D:2      | You fall into a shaft and drop 1 floor!
  2421 | D:3      | Reached XP level 4. HP: 30/30 MP: 5/10
  2727 | D:3      | Reached skill level 5 in Spellcasting
  3632 | D:4      | Found a transporter.
  3635 | D:4      | Noticed becking's ghost (amateur GnFi)
  3956 | D:4      | Reached XP level 5. HP: 29/35 MP: 1/12
  4058 | D:4      | Noticed an ogre
  4087 | D:4      | Killed an ogre
  4325 | D:4      | Found a transporter.
  4410 | D:4      | Reached XP level 6. HP: 36/41 MP: 3/14
  5113 | D:4      | Noticed Menkaure
  5139 | D:4      | Killed Menkaure
  5140 | D:4      | Reached skill level 6 in Spellcasting
  5140 | D:4      | Reached skill level 1 in Poison Magic
  5535 | D:5      | Entered Level 5 of the Dungeon
  5650 | D:5      | Noticed a two-headed ogre
  5893 | D:5      | Found a staircase to the Ecumenical Temple.
  6101 | D:4      | Killed a two-headed ogre
  6102 | D:4      | Reached skill level 7 in Spellcasting
  6102 | D:4      | Reached XP level 7. HP: 33/46 MP: 6/18
  6102 | D:4      | Reached XP level 8. HP: 38/52 MP: 6/19
  6336 | D:6      | Learned a level 3 spell: Volatile Blastmotes
  6425 | D:6      | Identified the +0 pair of boots "Laocai Soqe" {Harm rPois
                  | rF+ Str+3}
  6792 | D:6      | Reached skill level 8 in Spellcasting
  7154 | D:6      | Found an ornate altar of the Wu Jian Council.
  7565 | D:6      | Found an opulent altar of Gozag.
  7566 | D:6      | Found a sparkling altar of Nemelex Xobeh.
  7871 | D:5      | Reached skill level 1 in Fighting
  7871 | D:5      | Reached skill level 5 in Conjurations
  8003 | D:5      | Reached skill level 1 in Evocations
  8175 | D:5      | Found a shadowy altar of Dithmenos.
  8406 | Temple   | Entered the Ecumenical Temple
  8693 | D:6      | Became a worshipper of Gozag Ym Sagoz the Greedy
  8729 | D:6      | Reached XP level 9. HP: 53/59 MP: 14/21
  9048 | D:4      | Killed becking's ghost
  9049 | D:4      | Reached skill level 9 in Spellcasting
  9925 | D:8      | Reached skill level 1 in Fire Magic
 10104 | D:8      | Found a runed translucent gate.
 10105 | D:8      | Found a runed translucent gate.
 10106 | D:8      | Found a runed translucent gate.
 10106 | D:8      | Noticed a green ugly thing
 10108 | D:8      | Noticed a red ugly thing
 10108 | D:8      | Noticed a red ugly thing
 10108 | D:8      | Noticed a purple ugly thing
 10953 | D:8      | Noticed a gargoyle
 11013 | D:7      | Learned a level 3 spell: Call Canine Familiar
 11018 | D:7      | Learned a level 4 spell: Iskenderun's Mystic Blast
 11212 | D:8      | Killed a gargoyle
 11608 | D:8      | Reached XP level 10. HP: 24/71 MP: 1/23
 12787 | D:8      | Learned a level 3 spell: Vampiric Draining
 13021 | D:9      | Found a staircase to the Orcish Mines.
 13041 | D:9      | Reached skill level 1 in Necromancy
 13053 | D:9      | Reached skill level 5 in Fighting
 13459 | D:9      | Found Couhumi's Assorted Antiques.
 13463 | D:9      | Bought an ivory war axe for 263 gold pieces
 13463 | D:9      | Identified the +10 war axe "Dack" {flame, Fly SInv} (You
                  | bought it in a shop on level 9 of the Dungeon)
 13463 | D:9      | Bought a scroll labelled HEPRISEUNO for 31 gold pieces
 13555 | D:9      | Reached skill level 1 in Axes
 13864 | D:9      | Reached XP level 11. HP: 71/80 MP: 24/24
 13868 | D:9      | Found Ecosieh's Magic Scroll Emporium.
 14060 | D:9      | Bought a scroll of blinking for 120 gold pieces
 14060 | D:9      | Bought a scroll of torment for 152 gold pieces
 14060 | D:9      | Bought a scroll of identify for 32 gold pieces
 14095 | D:9      | Found Qeepie's Magic Scroll Shop.
 14099 | D:9      | Bought a scroll of enchant armour for 82 gold pieces
 14099 | D:9      | Bought a scroll of magic mapping for 82 gold pieces
 14099 | D:9      | Bought a scroll of fear for 44 gold pieces
 14354 | D:10     | Entered Level 10 of the Dungeon
 14674 | D:10     | Identified the +4 great sword of the Howling Coward {elec,
                  | Will+ Int+4 Stlth+}
 15340 | D:11     | Noticed a skeletal warrior
 15344 | D:11     | Noticed a skeletal warrior
 15344 | D:11     | Noticed a skeletal warrior
 15468 | D:10     | Killed a skeletal warrior
 15469 | D:10     | Reached skill level 5 in Axes
 15844 | Orc:1    | Entered Level 1 of the Orcish Mines
 15845 | Orc:1    | Found Soawez's Distillery.
 15861 | Orc:1    | Noticed an orc sorcerer
 15864 | Orc:1    | Noticed a sixfirhy
 15864 | Orc:1    | Noticed an orc warlord
 15891 | Orc:1    | Killed an orc warlord
 15896 | Orc:1    | Noticed a soul eater
 15907 | Orc:1    | Noticed a sixfirhy
 16082 | Orc:1    | Noticed a sixfirhy
 16083 | Orc:1    | Killed an orc sorcerer
 16213 | Orc:1    | Noticed Maurice
 16213 | Orc:1    | Noticed an orc knight
 16238 | Orc:1    | Killed Maurice
 16519 | Orc:1    | Killed an orc knight
 16813 | Orc:2    | Entered Level 2 of the Orcish Mines
 16813 | Orc:2    | Noticed an orc warlord
 16815 | Orc:2    | Killed an orc warlord
 17012 | Orc:2    | Found Weackexe's Antique Weapon Emporium.
 17135 | D:9      | Bought a book of Annihilations for 780 gold pieces
 17135 | D:9      | Bought a book of Power for 546 gold pieces
 17216 | D:11     | Noticed Erica
 17228 | D:11     | Killed Erica
 17297 | D:11     | Identified the +10 shortbow "Caloiph" {heavy, Will++ Dex-4}
 17658 | D:11     | Noticed Grum
 17662 | D:11     | Reached XP level 12. HP: 81/86 MP: 18/25
 17666 | D:11     | Noticed a two-headed ogre
 17675 | D:11     | Killed Grum
 17685 | D:11     | Killed a two-headed ogre
 18438 | D:8      | Reached skill level 10 in Axes
 18541 | D:8      | Found a runed translucent gate.
 18541 | D:8      | Found a runed translucent gate.
 18553 | D:8      | Found a runed translucent gate.
 18554 | D:8      | Noticed fitz's ghost (journeyman HOFi)
 20337 | D:9      | Learned a level 5 spell: Iskenderun's Battlesphere
 21057 | D:12     | Reached skill level 10 in Spellcasting
 22329 | D:13     | Noticed a two-headed ogre
 22336 | D:13     | Killed a two-headed ogre
 22339 | D:13     | Noticed a two-headed ogre
 22347 | D:13     | Killed a two-headed ogre
 22585 | D:13     | Reached skill level 11 in Spellcasting
 22585 | D:13     | Gained mutation: You are strongly in touch with the powers
                  | of death. [Mummy growth]
 22585 | D:13     | Reached XP level 13. HP: 89/95 MP: 23/28
 23040 | D:13     | Found a gate to the Vaults.
 24421 | D:9      | Bought a Fen Folio for 546 gold pieces
 24427 | D:9      | Learned a level 5 spell: Summon Forest
 24781 | D:11     | Found a staircase to the Lair.
 25522 | Lair:1   | Entered Level 1 of the Lair of Beasts
 25679 | Lair:1   | Reached skill level 12 in Spellcasting
 25784 | Lair:1   | HP: 3/98 [black mamba (12)]
 26309 | Lair:1   | Identified the +2 robe of the Sun {Int+2 Dex+4}
 27192 | Lair:2   | Found a hole to the Spider Nest.
 27535 | Lair:2   | Noticed Gastronok
 27566 | Lair:2   | Killed Gastronok
 27850 | Lair:2   | Identified the +3 rapier "Elloekob" {flame, rC+ rN+ Will+}
 28273 | Lair:2   | Reached skill level 5 in Summonings
 28750 | Lair:2   | Found a staircase to the Shoals.
 28837 | Lair:2   | Reached XP level 14. HP: 102/108 MP: 30/30
 29110 | Lair:3   | Noticed Snorg
 29119 | Lair:3   | Killed Snorg
 29410 | Lair:3   | Reached skill level 5 in Dodging
 30000 | Lair:4   | Found a gate leading to a gauntlet.
 30008 | Gauntlet | Entered a Gauntlet
 30008 | Gauntlet | Found a transporter.
 30019 | Gauntlet | Found a transporter.
 30021 | Gauntlet | Found a transporter.
 30023 | Gauntlet | Found a transporter.
 30038 | Gauntlet | Found a transporter.
 30053 | Gauntlet | Found a transporter.
 30058 | Gauntlet | Found a transporter.
 30075 | Gauntlet | Found a transporter.
 30094 | Gauntlet | Found a transporter.
 30106 | Gauntlet | Found a transporter.
 30110 | Gauntlet | Noticed a cacodemon
 30118 | Gauntlet | Found a transporter.
 30120 | Gauntlet | Noticed a reaper
 30130 | Gauntlet | Found a transporter.
 30142 | Gauntlet | Found a transporter.
 30161 | Gauntlet | Found a transporter.
 30176 | Gauntlet | Found a transporter.
 30178 | Gauntlet | Found a transporter.
 30281 | Gauntlet | Found a transporter.
 30445 | Gauntlet | Found a transporter.
 30482 | Gauntlet | Identified the +4 leather armour "Ageoraot" {rN+ Slay-3
                  | SInv}
 30505 | Gauntlet | Learned a level 4 spell: Airstrike
 30900 | Gauntlet | Identified the ring of the Scarab {MP+9 EV+5 Dex+3}
 30916 | Gauntlet | Identified the +3 war axe of the Unliving {venom, Str+3
                  | Int+5 Stlth+}
 31155 | Gauntlet | Identified the staff of air "Ushuwk" {rElec Str+3}
 31155 | Gauntlet | Identified the ring "Qaczid" {rElec MP+9 AC+4 Str+4}
 31558 | Gauntlet | Reached skill level 13 in Spellcasting
 32724 | Lair:4   | You are sucked into a shaft and drop 1 floor!
 32724 | Lair:5   | Entered Level 5 of the Lair of Beasts
 32724 | Lair:5   | Noticed Kirke
 32732 | Lair:5   | Killed Kirke
 33076 | Lair:5   | Reached skill level 10 in Fighting
 33314 | Lair:5   | Reached skill level 14 in Spellcasting
 34264 | Lair:5   | Found a staircase to the Slime Pits.
 34271 | Lair:5   | Found a viscous altar of Jiyva.
 34803 | Lair:5   | Reached XP level 15. HP: 71/117 MP: 33/33
 35501 | Spider:1 | Entered Level 1 of the Spider Nest
 35508 | Spider:1 | Learned a level 5 spell: Arcjolt
 36275 | D:14     | Reached skill level 1 in Air Magic
 36300 | D:14     | HP: 3/117 [boulder beetle (42)]
 36793 | D:14     | Found an iron altar of Okawaru.
 36911 | D:14     | Identified Roxanne's Catalogue of Topomancy
 36911 | D:14     | Noticed Roxanne
 36950 | D:14     | Killed Roxanne
 37168 | D:15     | Entered Level 15 of the Dungeon
 37180 | D:15     | Noticed Agnes
 37202 | D:15     | Killed Agnes
 37540 | D:15     | Reached skill level 10 in Conjurations
 37801 | D:15     | Found an opulent altar of Gozag.
 37803 | D:15     | Found Gozag's Platinum Reserve.
 38313 | D:15     | Found a staircase to the Depths.
 38325 | D:15     | Hit by a large rock thrown by a stone giant

Illustrated notes

Levels and vault maps discovered:
D:1:      psy_arrival_terrarium, layout_basic,
          dreamdust_ecumenical_altar_statues, minivault_19,
          minmay_misc_feat_tower, minivault_5
D:2:      layout_loops_cross, grunt_decor_clamped
D:3:      layout_basic
D:4:      layout_basic, gammafunk_ghost_mausoleum, uniq_menkaure
D:5:      layout_rooms, grunt_dithmenos_smoke, minmay_temple_entry_butterflies
D:6:      layout_basic, grunt_temple_overflow_opulence, marbit_many_paths,
          hellmonk_no_cap
D:7:      layout_rooms
D:8:      layout_cave_pods, ploomutoo_gammafunk_ghost_potion_laboratory
D:9:      layout_cave_pools, hiddenorc2_lemuel, serial_gnoll_camp,
          gnoll_camp_huts_moat, gnoll_camp_medium_01, gnoll_camp_mini_shop,
          gnoll_camp_mini_shop, gnoll_camp_mini_basic,
          gnoll_camp_mini_loothouse, serial_shops, shop
D:10:     layout_grid_maze
D:11:     layout_loops_ring, hellmonk_lair_entry_icy, uniq_erica, uniq_grum
D:12:     layout_gridville
D:13:     layout_long_grid, grunt_vaults_entry_tiered
D:14:     layout_gridville, lemuel_doored_altar, fungi_pond_lemuel,
          okawaru_gym_becter, uniq_roxanne
D:15:     grunt_enter_depths_snipers, layout_loops_corners,
          nicolae_gozag_zags_fifth_avenue, minmay_pinched_square, uniq_agnes,
          uniq_nessos
Temple:   hc_temple_tempest_star
Lair:1:   layout_cellular_growth, grunt_megastairs_1, serial_bayou_shore_b
Lair:2:   layout_chaotic_city, minmay_shoals_entry_centaurs, dummy_spider_entry,
          lemuel_fruit_fields, uniq_gastronok
Lair:3:   layout_big_grid, uniq_snorg
Lair:4:   layout_regular_city, gauntlet_entry_generic,
          grunt_forest_large_clearings
Lair:5:   minmay_lair_end_frog_pond, layout_long_grid,
          nicolae_slime_entry_field_trip, lemuel_fruit_fields, uniq_kirke
Spider:1: layout_spider_delve
Orc:1:    layout_caves, serial_shops, shop, uniq_maurice
Orc:2:    grunt_orc_gardens, layout_caves, grunt_orc_garden, grunt_orc_garden,
          grunt_orc_garden, grunt_orc_garden, lightli_church_of_beogh

Skill      XL: |  1  2  3  4  5  6  7  8  9 10 11 12 13 14 15 |
---------------+----------------------------------------------+-----
Stealth        | 2 |  2.0
Conjurations   | 1 2 4 5 6 8 9 10 | 10.0
Summonings     | 1 2 5 |  5.2
Translocations | 1 2 3 4 |  4.0
Spellcasting   | 5 7 8 9 11 12 14 | 14.7
Poison Magic   | 3 4 |  4.2
Fighting       | 1 3 5 6 9 10 11 | 11.1
Dodging        | 2 3 4 6 7 |  7.4
Evocations     | 1 3 4 |  4.4
Fire Magic     | 2 4 |  4.8
Necromancy     | 2 |  2.3
Axes           | 1 8 10 | 10.1
Air Magic      | 2 |  2.2
Short Blades   | |  0.1
Armour         | |  0.2

Action                     |  1- 3 |  4- 6 |  7- 9 | 10-12 | 13-15 || total
---------------------------+-------+-------+-------+-------+-------++-------
  Melee: Dagger            |    53 |   124 |   138 |       |       ||   315
         Punch             |     1 |       |     2 |     6 |     7 ||    16
         Whip              |       |       |   103 |       |       ||   103
         Scimitar          |       |       |    15 |   134 |       ||   149
         War axe           |       |       |       |   423 |   714 ||  1137
  Throw: Throwing net      |       |       |     1 |     1 |       ||     2
         Dart              |       |       |       |     2 |     3 ||     5
         Javelin           |       |       |       |       |     2 ||     2
   Cast: Magic Dart        |    93 |   125 |    67 |   125 |    68 ||   478
         Call Imp          |       |    24 |    29 |    32 |    11 ||    96
         Cigotuvi's Dreadf |       |     4 |       |       |       ||     4
         Mephitic Cloud    |       |     3 |    30 |    98 |    72 ||   203
         Blink             |       |     2 |     5 |    21 |    30 ||    58
         Volatile Blastmot |       |       |    25 |    25 |     2 ||    52
         Iskenderun's Myst |       |       |     9 |     4 |     1 ||    14
         Call Canine Famil |       |       |       |    55 |    22 ||    77
         Vampiric Draining |       |       |       |     4 |       ||     4
         Iskenderun's Batt |       |       |       |    13 |    18 ||    31
         Summon Forest     |       |       |       |       |    61 ||    61
         Arcjolt           |       |       |       |       |     1 ||     1
 Invoke: Call Merchant     |       |       |       |     1 |       ||     1
         Potion Petition   |       |       |       |       |     4 ||     4
Ability: Evoke Invisibilit |       |       |       |     1 |       ||     1
  Evoke: Wand              |       |       |     1 |    14 |    10 ||    25
    Use: Scroll            |     7 |     6 |     4 |    11 |     9 ||    37
   Stab: Sleeping          |     1 |     2 |     3 |     1 |     3 ||    10
         Confused          |       |     1 |     8 |    27 |    29 ||    65
         Distracted        |       |       |     2 |     2 |     7 ||    11
         Held in net/web   |       |       |     2 |       |       ||     2
 Armour: Leather armour    |    35 |    62 |   150 |   277 |   401 ||   925
  Dodge: Dodged            |    42 |    95 |   171 |   448 |   793 ||  1549
